 Dungeon Crawl Stone Soup version 0.28.0-43-g3370ac3207 (webtiles) character file.

Game seed: 8483872595715715468

53 Ablot the Grasshopper (level 3, 0/31 HPs)
             Began as a Gnoll Warper on Mar 23, 2022.
             Slain by a hobgoblin (6 damage)
             ... led by Robin
             ... on level 1 of the Dungeon.
             The game lasted 00:01:43 (2258 turns).

Ablot the Grasshopper (Gnoll Warper)                Turns: 2258, Time: 00:01:44

Health: 0/31       AC:  3    Str: 12    XL:     3   Next: 89%
Magic:  9/9        EV: 12    Int: 12    God:
Gold:   51         SH:  0    Dex: 11    Spells: 10/12 levels left

rFire   . . .      SeeInvis .   k - +1 short sword (venom)
rCold   . . .      Faith    .   (no shield)
rNeg    . . .      Spirit   .   b - +0 leather armour
rPois   .          Reflect  .   (no helmet)
rElec   .          Harm     .   (no cloak)
rCorr   .          Rampage  .   (no gloves)
Will    .....                   (no boots)
Stlth   +.........              (no amulet)
HPRegen 0.10/turn               (no ring)
MPRegen 0.11/turn               (no ring)

@: no status effects
A: fangs 1, strong nose, distributed training
a: no special abilities


You were on level 1 of the Dungeon.
You visited 1 branch of the dungeon, and saw 2 of its levels.

You collected 51 gold pieces.

Inventory:

Hand Weapons
 a - a +0 spear
 k - a +1 short sword of venom (weapon)
Missiles
 d - 5 boomerangs of dispersal (quivered)
 e - 2 throwing nets
 f - 28 bolts
 g - 114 stones
 j - 2 poisoned darts
Armour
 b - a +0 leather armour (worn)
Scrolls
 c - a scroll of blinking
 l - a scroll of torment {unknown}
 m - 3 scrolls of identify {unknown}
 p - a scroll of teleportation {unknown}
Potions
 h - a potion of magic {unknown}
 i - 2 potions of curing {unknown}
 n - a potion of berserk rage {unknown}
 o - a potion of flight {unknown}


   Skills:
 + Level 4.6 Fighting
 + Level 1.0 Short Blades
 + Level 1.0 Long Blades
 + Level 1.0 Axes
 + Level 1.0 Maces & Flails
 + Level 4.6 Polearms
 + Level 1.0 Staves
 + Level 1.0 Slings
 + Level 1.0 Bows
 + Level 1.0 Crossbows
 + Level 2.6 Throwing
 + Level 2.6 Armour
 + Level 4.6 Dodging
 + Level 1.0 Stealth
 + Level 1.0 Shields
 + Level 1.0 Unarmed Combat
 + Level 5.0 Spellcasting
 + Level 0.7 Conjurations
 + Level 0.7 Hexes
 + Level 0.7 Summonings
 + Level 0.7 Necromancy
 + Level 5.4 Translocations
 + Level 0.7 Transmutations
 + Level 0.7 Fire Magic
 + Level 0.7 Ice Magic
 + Level 0.7 Air Magic
 + Level 0.7 Earth Magic
 + Level 0.7 Poison Magic
 + Level 1.0 Invocations
 + Level 1.0 Evocations


You had 10 spell levels left.
You knew the following spells:

 Your Spells              Type           Power      Damage    Failure   Level
a - Blink                 Tloc           32%        N/A       4%          2

Your spell library contained the following spells:

 Spells                   Type           Power      Damage    Failure   Level
 Gell's Gravitas          Tloc           16%        N/A       9%          3
 Lesser Beckoning         Tloc           16%        N/A       9%          3
 Teleport Other           Tloc           16%        N/A       9%          3
 Manifold Assault         Tloc           16%        N/A       58%         5


Dungeon Overview and Level Annotations

Branches:
Dungeon (2/15)

Altars:

Annotations:
D:1 Robin


Innate Abilities, Weirdness & Mutations

You have very sharp teeth.
Your uncanny sense of smell can sniff out nearby items.
Your experience applies equally to all skills.


Message History

Your Short Blades skill increases to level 1!
Your Long Blades skill increases to level 1!
Your Axes skill increases to level 1!
Your Maces & Flails skill increases to level 1!
Your Staves skill increases to level 1!
Your Slings skill increases to level 1!
Your Bows skill increases to level 1!
Your Crossbows skill increases to level 1!
Your Stealth skill increases to level 1!
Your Shields skill increases to level 1!
Your Unarmed Combat skill increases to level 1!
Your Evocations skill increases to level 1!
You hit the goblin.
You kill the goblin!
The goblin no longer looks unusually strong.
You hit the goblin.
The goblin is poisoned.
The goblin is heavily wounded.
The goblin barely misses you.
You closely miss the goblin.
The goblin is heavily wounded.
The goblin hits you with a +0 dagger.
* * * LOW HITPOINT WARNING * * *
You closely miss the goblin. Your bite misses the goblin.
The goblin is heavily wounded.
The goblin completely misses you.
You closely miss the goblin. Your bite misses the goblin.
The goblin is heavily wounded.
The goblin hits you with a +0 dagger.
* * * LOW HITPOINT WARNING * * *
You closely miss the goblin.
The goblin is heavily wounded.
The goblin closely misses you.
You barely miss the goblin.
The goblin is heavily wounded.
You kill the goblin!
Robin roars a battlecry!
The hobgoblin goes into a battle-frenzy!
You hit the hobgoblin.
The hobgoblin is poisoned.
The hobgoblin is severely wounded.
The hobgoblin hits you.
You die...

#.######.....#.##.
#......##.........
######.#...#.#.#.♣
#....#.#.....#.P.≈
#.##.#.#g......≈..
#.#..#.#.g....P≈≈≈
#.#.##.#...g..P≈≈≈
#.#....#.......≈.≈
#@#######......≈≈≈
#g#.....g......≈♣≈
#.g...g.g.......≈≈
###..........#..≈.
##.....#.###+..≈
#######.##....P
#.##.....
########.#......
#.....##'#......


You could see Robin and a hobgoblin (strong, very poisoned).

Vanquished Creatures
  An adder (D:2)
  A dart slug (D:1)
  4 ball pythons
  3 endoplasms (D:1)
  A giant cockroach (D:1)
  8 goblins
  6 hobgoblins
  4 quokkas
  A bat (D:2)
  2 frilled lizards (D:1)
  3 kobolds (D:1)
  2 rats
36 creatures vanquished.

Notes
Turn   | Place    | Note
-------+----------+-------------------------------------------
     0 | D:1      | Ablot the Gnoll Warper began the quest for the Orb.
     0 | D:1      | Reached XP level 1. HP: 20/20 MP: 6/6
    30 | D:1      | You fall into a shaft and drop 1 floor!
    55 | D:2      | Reached XP level 2. HP: 13/26 MP: 7/7
   243 | D:2      | Learned a level 2 spell: Blink
  1005 | D:1      | Reached XP level 3. HP: 14/31 MP: 9/9
  1013 | D:1      | Reached skill level 5 in Spellcasting
  1710 | D:1      | Reached skill level 1 in Invocations
  2227 | D:2      | Noticed Robin
  2251 | D:1      | Reached skill level 1 in Short Blades
  2251 | D:1      | Reached skill level 1 in Long Blades
  2251 | D:1      | Reached skill level 1 in Axes
  2251 | D:1      | Reached skill level 1 in Maces & Flails
  2251 | D:1      | Reached skill level 1 in Staves
  2251 | D:1      | Reached skill level 1 in Slings
  2251 | D:1      | Reached skill level 1 in Bows
  2251 | D:1      | Reached skill level 1 in Crossbows
  2251 | D:1      | Reached skill level 1 in Stealth
  2251 | D:1      | Reached skill level 1 in Shields
  2251 | D:1      | Reached skill level 1 in Unarmed Combat
  2251 | D:1      | Reached skill level 1 in Evocations
  2258 | D:1      | Slain by a hobgoblin

Illustrated notes

Levels and vault maps discovered:
D:1:      matt_arrival_spirals, layout_basic, serial_bayou,
          serial_bayou_lagoon_a, serial_bayou_shore_a, serial_bayou_lake_a,
          serial_bayou_pond_e, serial_bayou_crossing, st_stairs_10,
          serial_bayou_pond_b, patterned_corridor
D:2:      layout_rooms, serial_forest, infiniplex_forest_straight_2,
          infiniplex_forest_clump_cross, infiniplex_forest_end_2,
          infiniplex_forest_zigzag_1, infiniplex_forest_zigzag_1,
          infiniplex_forest_straight_4, infiniplex_forest_join,
          infiniplex_forest_clump_curved, serial_shops,
          nicolae_shop_bloodbath_and_beyond, uniq_robin

Skill      XL: |  1  2  3 |
---------------+----------+-----
Spellcasting   | 5 |  5.0
Invocations    | 1 |  1.0
Short Blades   | 1 |  1.0
Long Blades    | 1 |  1.0
Axes           | 1 |  1.0
Maces & Flails | 1 |  1.0
Staves         | 1 |  1.0
Slings         | 1 |  1.0
Bows           | 1 |  1.0
Crossbows      | 1 |  1.0
Stealth        | 1 |  1.0
Shields        | 1 |  1.0
Unarmed Combat | 1 |  1.0
Evocations     | 1 |  1.0
Fighting       | |  4.6
Polearms       | |  4.6
Throwing       | |  2.6
Armour         | |  2.6
Dodging        | |  4.6
Conjurations   | |  0.7
Hexes          | |  0.7
Summonings     | |  0.7
Necromancy     | |  0.7
Translocations | |  5.4
Transmutations | |  0.7
Fire Magic     | |  0.7
Ice Magic      | |  0.7
Air Magic      | |  0.7
Earth Magic    | |  0.7
Poison Magic   | |  0.7

Action                   || total
-------------------------++-------
Melee: Spear             ||    57
       Bite              ||     8
       Short sword       ||    72
       Punch             ||     2
 Cast: Blink             ||     1
Armor: Leather armour    ||    30
Dodge: Dodged            ||    81
